 Dungeon Crawl Stone Soup version 0.30-a0-1160-g6e42c06551 (webtiles) character file.

Game seed: 15700023062735127929

412 qeuew the Magician (level 6, -8/32 HPs)
             Began as a Deep Elf Fire Elementalist on Apr 26, 2023.
             Was an Initiate of Sif Muna.
             Mangled by a gnoll bouda
             ... wielding a +0 whip
              (13 damage)
             ... on level 5 of the Dungeon.
             The game lasted 00:08:08 (4481 turns).

qeuew the Magician (Deep Elf Fire Elementalist)     Turns: 4481, Time: 00:08:08

Health: -8/32      AC:  2    Str:  7    XL:     6   Next: 59%
Magic:  1/16       EV: 13    Int: 22    God:    Sif Muna [......]
Gold:   320        SH:  5    Dex: 15    Spells: 13/16 levels left

rFire   . . .        j - +5 sling "Jelly's Undoing" {heavy, rPois Str+2}
rCold   . . .        (no shield)
rNeg    . . .        i - +0 robe {Will+}
rPois   +            (no helmet)
rElec   .            (no cloak)
rCorr   .            (no gloves)
SInv    .            (no boots)
Will    +....        d - amulet of reflection
Stlth   +++          (no ring)
HPRegen 0.25/turn    (no ring)
MPRegen 0.15/turn

%: reflection
@: no status effects
A: no striking features
a: Renounce Religion


You were on level 5 of the Dungeon.
You worshipped Sif Muna.
Sif Muna was noncommittal.
You visited 2 branches of the dungeon, and saw 6 of its levels.

You collected 320 gold pieces.

Inventory:

Hand Weapons
 j - the +5 sling "Jelly's Undoing" (weapon) {heavy, rPois Str+2}
   (You found it on level 3 of the Dungeon)

   Str:       It affects your strength (+2).
   rPois:     It protects you from poison.
Armour
 i - a +0 robe of willpower (worn)
Jewellery
 d - an amulet of reflection (around neck)
Wands
 k - a wand of flame (9)
Scrolls
 a - a scroll of fear
 b - 2 scrolls of teleportation
Potions
 c - 2 potions of curing
 e - a potion of cancellation
 h - 2 potions of mutation
 m - a potion of haste


   Skills:
 + Level 0.6 Ranged Weapons
 + Level 3.8 Dodging
 + Level 4.1 Stealth
 * Level 5.6 Spellcasting
 + Level 2.8 Conjurations
 * Level 5.1 Fire Magic


You had 13 spell levels left.
You knew the following spells:

 Your Spells              Type           Power      Damage    Failure   Level
a - Foxfire               Conj/Fire      92%        2x1d8     1%          1
b - Scorch                Fire           56%        2d7       1%          2

Your spell library contained the following spells:

 Spells                   Type           Power      Damage    Failure   Level
 Magic Dart               Conj           72%        1d6       3%          1
 Searing Ray              Conj           36%        2d5       4%          2
 Apportation              Tloc           12%        N/A       10%         1
 Necrotise                Necr           24%        1d5       10%         1
 Summon Small Mammal      Summ           24%        N/A       10%         1
 Inner Flame              Hex/Fire       17%        N/A       10%         3
 Volatile Blastmotes      Fire/Tloc      34%        2d12      10%         3
 Flame Wave               Conj/Fire      23%        2d8       19%         4
 Fulminant Prism          Conj/Hex       6%         3d7       47%         4


Dungeon Overview and Level Annotations

Branches:
Dungeon (5/15)             Temple (1/1) D:4

Altars:
Ashenzari
Cheibriados
Elyvilon
Gozag
Hepliaklqana
Kikubaaqudgha
Makhleb
Nemelex Xobeh
Okawaru
Qazlal
Ru
Sif Muna
Trog
Uskayaw
Vehumet
Wu Jian
Xom
Yredelemnul
The Shining One

Shops:
D:3 =


Message History

Casting: Scorch (safe; 1% risk of failure)
Confirm with . or Enter, or press ? or * to list all spells.
You don't have enough magic to cast this spell.
Unknown command.
Casting: Scorch (safe; 1% risk of failure)
Confirm with . or Enter, or press ? or * to list all spells.
Okay, then.
The gnoll bouda is no longer more vulnerable to fire.
You conjure some foxfire!
The gnoll hits you with a +0 flail!
The gnoll bouda calls upon its god to heal the gnoll.
The gnoll is healed somewhat.
Unknown command.
The foxfire hits the gnoll.
The gnoll is burned terribly!
You kill the gnoll!
Sif Muna accepts your kill.
The foxfire hits the gnoll bouda but does no damage.
The gnoll bouda is lightly wounded.
Okay, then.
You don't have enough magic to cast this spell.
Unknown command.
Unknown command.
You are too injured to fight recklessly!
You are too injured to fight recklessly!
Fire: j) +5 sling "Jelly's Undoing" {heavy, rPois Str+2}
Press: ? - help, Q - select action, (/) - cycle Shift-Dir - straight line, f - gnoll bouda
Aim: a gnoll bouda, wielding a +0 whip and wearing a +0 robe (lightly wounded, 65% to hit)
You shoot a sling bullet. The sling bullet hits the gnoll bouda.
The gnoll bouda is heavily wounded.
The gnoll bouda misses you.
The gnoll bouda hits you with a +0 whip.
* * * LOW HITPOINT WARNING * * *
Fire: j) +5 sling "Jelly's Undoing" {heavy, rPois Str+2}
Press: ? - help, Q - select action, (/) - cycle Shift-Dir - straight line, f/p - gnoll bouda
Aim: a gnoll bouda, wielding a +0 whip and wearing a +0 robe (heavily wounded, 65% to hit)
You shoot a sling bullet.
The sling bullet barely misses the gnoll bouda.
The gnoll bouda hits you with a +0 whip.
* * * LOW HITPOINT WARNING * * *
The gnoll bouda hits you with a +0 whip!
You die...

#..... #.........#
#.........# #........#
#.......# # #.....[#
####... ####
#....####)...... ##..##
##...#.@g).......
#....####..>...)####.....
##..........###### ...
.......###### . ......##
.....## #....# ....##
##...####


You could see a gnoll bouda.

Vanquished Creatures
  Sigmund (D:3)
  Natasha (twice) (D:2)
  4 gnolls (D:5)
  7 adders
  2 worms
  3 dart slugs
  8 orcs (D:3)
  5 endoplasms
  A giant cockroach (D:4)
  6 goblins
  7 hobgoblins
  4 jackals (D:2)
  9 kobolds
  4 quokkas
  3 ball pythons
  4 bats
  6 frilled lizards
  5 rats
81 creatures vanquished.

Vanquished Creatures (others)
  150 foxfires
150 creatures vanquished.

Grand Total: 231 creatures vanquished

Notes
Turn   | Place    | Note
-------+----------+-------------------------------------------
     0 | D:1      | qeuew the Deep Elf Fire Elementalist began the quest for
                  | the Orb.
     0 | D:1      | Reached XP level 1. HP: 10/10 MP: 6/6
   316 | D:1      | Reached XP level 2. HP: 15/15 MP: 1/8
   917 | D:1      | Learned a level 2 spell: Scorch
  1145 | D:2      | Found a faded altar of an unknown god.
  1227 | D:2      | Reached XP level 3. HP: 19/19 MP: 7/10
  1689 | D:2      | Reached XP level 4. HP: 24/24 MP: 9/12
  1970 | D:2      | Noticed Natasha
  1977 | D:2      | Killed Natasha
  2073 | D:2      | Noticed Natasha
  2078 | D:2      | Killed Natasha
  2658 | D:3      | Reached XP level 5. HP: 28/28 MP: 9/13
  2800 | D:3      | Noticed Sigmund
  2806 | D:3      | Killed Sigmund
  2807 | D:3      | Reached skill level 5 in Spellcasting
  2807 | D:3      | Reached XP level 6. HP: 32/32 MP: 9/15
  2989 | D:3      | Found Oceih's Jewellery Shop.
  3193 | D:3      | Identified the +5 sling "Jelly's Undoing" {heavy, rPois
                  | Str+2}
  3427 | D:4      | Reached skill level 5 in Fire Magic
  4161 | D:4      | Found a staircase to the Ecumenical Temple.
  4371 | Temple   | Entered the Ecumenical Temple
  4400 | Temple   | Became a worshipper of Sif Muna the Loreminder
  4433 | D:5      | Entered Level 5 of the Dungeon
  4481 | D:5      | Mangled by a gnoll bouda

Illustrated notes

Levels and vault maps discovered:
D:1:      lightli_arrival_statue_moat, layout_basic, st_stairs_6
D:2:      layout_basic, ebering_ecumenical_altar_webs, grunt_ministairs_9,
          chequers_serial_rivers_room_b, hangedman_abyss_or_decor_stabs,
          minmay_statues_item, minmay_box_of_dots, uniq_natasha
D:3:      layout_loops_ring, serial_shops, shop, eino_tiny_chamber, uniq_sigmund
D:4:      layout_layer_cave, temple_green, nrook_campfire
D:5:      layout_cave_pods, serial_shops, shop
Temple:   hellmonk_temple_of_storms

Skill      XL: |  1  2  3  4  5  6 |
---------------+-------------------+-----
Spellcasting   | 4 5 |  5.6
Stealth        | 3 4 |  4.1
Fire Magic     | 4 5 |  5.1
Dodging        | 3 |  3.8
Conjurations   | 2 |  2.8
Ranged Weapons | |  0.6

Action                     |  1- 3 |  4- 6 || total
---------------------------+-------+-------++-------
  Melee: Unarmed           |     7 |       ||     7
   Fire: Sling             |       |    31 ||    31
   Cast: Foxfire           |    55 |    50 ||   105
         Scorch            |     9 |    16 ||    25
    Use: Potion            |     4 |       ||     4
         Scroll            |     2 |     8 ||    10
 Armour: Robe              |     5 |       ||     5
  Dodge: Dodged            |    32 |    17 ||    49
  Block: Other             |     6 |     3 ||     9

Table legend: (Time is in decaauts)
 A = Elapsed time spent in this place.
 B = Non-inter-level travel time spent in this place.
 C = Inter-level travel time spent in this place.
 D = Time resting spent in this place.
 E = Time spent auto-exploring this place.
 F = Levels seen in this place.
 G = Mean time per level.
                   A        B        C        D        E       F      G
               +--------+--------+--------+--------+--------+-----+--------+
         Total |   4520 |   4318 |    202 |      0 |   3771 |   6 |  753.3 |
       Dungeon |   4476 |   4292 |    184 |      0 |   3761 |   5 |  895.2 |
        Temple |     43 |     25 |     18 |      0 |     10 |   1 |   43.0 |
               +--------+--------+--------+--------+--------+-----+--------+

Top non-repeatable levels by time:
     D:2: 1456 daAuts
     D:4: 1005 daAuts
     D:3: 991 daAuts
     D:1: 974 daAuts
     D:5: 48 daAuts
  Temple: 43 daAuts
